 Dungeon Crawl Stone Soup version 0.26.1-11-gd32895ea62 (webtiles) character file.

Game seed: 14078432109018616199

45 nothank2 the Insei (level 3, -1/28 HPs)
             Began as a Gnoll Transmuter on June 24, 2021.
             Succumbed to a worker ant's poison
             ... on level 2 of the Dungeon.
             The game lasted 00:03:17 (1449 turns).

nothank2 the Insei (Gnoll Transmuter)               Turns: 1449, Time: 00:03:17

Health: -1/28      AC:  2    Str: 12    XL:     3   Next: 64%
Magic:  9/9        EV: 14    Int: 16    God:
Gold:   140        SH:  0    Dex: 15    Spells: 11/12 levels left

rFire    . . .     SeeInvis .   f - -1 whip (curse)
rCold    . . .     Faith    .   (no shield)
rNeg     . . .     Spirit   .   a - +0 robe
rPois    .         Reflect  .   (helmet currently unavailable)
rElec    .         Harm     .   (no cloak)
rCorr    .         Rampage  .   (no gloves)
Will     .....                  (boots currently unavailable)
Stlth    ++........             (no amulet)
HPRegen  0.09/turn              (no ring)
MPRegen  0.11/turn              (no ring)

@: lethally poisoned (-1 -> -16), appendages
A: distributed training, fangs 1, horns 2, talons 2, strong nose
a: End Transformation


You were on level 2 of the Dungeon.
You had grown temporary horns.
You had grown temporary talons.
You visited 1 branch of the dungeon, and saw 2 of its levels.

You collected 140 gold pieces.

Inventory:

Hand Weapons
 c - a +1 dagger
 f - a cursed -1 whip (weapon)
 h - a +0 short sword
Armour
 a - a +0 robe (worn)
Scrolls
 d - a scroll of magic mapping
 e - a scroll of enchant weapon
Potions
 b - 2 potions of heal wounds {unknown}
 g - a potion of mutation {unknown}
 i - a potion of lignification {unknown}


   Skills:
 + Level 2.6 Fighting
 + Level 0.9 Short Blades
 + Level 0.9 Long Blades
 + Level 0.9 Axes
 + Level 0.9 Maces & Flails
 + Level 0.9 Polearms
 + Level 0.9 Staves
 + Level 0.9 Slings
 + Level 0.9 Bows
 + Level 0.9 Crossbows
 + Level 0.9 Throwing
 + Level 0.9 Armour
 + Level 4.5 Dodging
 + Level 0.9 Stealth
 + Level 0.9 Shields
 + Level 6.5 Unarmed Combat
 + Level 5.0 Spellcasting
 + Level 0.6 Conjurations
 + Level 0.6 Hexes
 + Level 0.6 Summonings
 + Level 0.6 Necromancy
 + Level 0.6 Translocations
 + Level 3.8 Transmutations
 + Level 0.6 Fire Magic
 + Level 0.6 Ice Magic
 + Level 0.6 Air Magic
 + Level 0.6 Earth Magic
 + Level 0.6 Poison Magic
 + Level 1.0 Invocations
 + Level 0.9 Evocations


You had 11 spell levels left.
You knew the following spells:

 Your Spells              Type           Power        Failure   Level
a - Beastly Appendage     Tmut           32%          3%          1

Your spell library contained the following spells:

 Spells                   Type           Power        Failure   Level
 Wereblood                Tmut           16%          4%          2
 Spider Form              Tmut/Pois      5%           19%         3
 Ice Form                 Ice/Tmut       11%          52%         4
 Blade Hands              Tmut           8%           65%         5


Dungeon Overview and Level Annotations

Branches:
Dungeon (2/15)

Altars:


Innate Abilities, Weirdness & Mutations

Your experience applies equally to all skills.
You have very sharp teeth.
Your uncanny sense of smell can sniff out nearby items.
You have a pair of horns on your head.
You have razor-sharp toenails.


Message History

The worker ant is severely wounded.
You feel sick. The worker ant completely misses you.
You hit the worker ant.
You headbutt the worker ant, but do no damage.
You bite the worker ant.
The worker ant is almost dead.
You feel sick. The worker ant bites you!
* * * LOW HITPOINT WARNING * * *
You are more poisoned.
The worker ant poisons you!
You are too injured to fight recklessly!
You hit the worker ant but do no damage.
You claw the worker ant, but do no damage.
The worker ant is almost dead.
* * * LOW HITPOINT WARNING * * *
You feel sick. The worker ant barely misses you. The worker ant bites you.
* * * LOW HITPOINT WARNING * * *
You hit the worker ant.
You kill the worker ant!
You die...

####.#####.#.#.......#.######
......####.#.#....####'######
...........#.#..............#
....#..#####.##...###....†#.#
#.#.#..# ##################.#
#......# ...................#
....#### .#...#...#...#...#.#
###.#### .....S.............#
###....# ...#†@.#...#...###
...÷#### ..................#
###.# ################### #.#
#.# #.# #.# ... ∆ ... ∆


You could see a ball python.

Vanquished Creatures
  A worker ant (D:2)
  2 dart slugs (D:1)
  A giant cockroach (D:1)
  4 goblins (D:1)
  2 hobgoblins
  A jackal (D:1)
  4 kobolds
  A quokka (D:2)
  2 ball pythons (D:1)
  11 bats
  3 frilled lizards (D:1)
  11 rats
43 creatures vanquished.

Notes
Turn   | Place    | Note
-------+----------+-------------------------------------------
     0 | D:1      | nothank2 the Gnoll Transmuter began the quest for the Orb.
     0 | D:1      | Reached XP level 1. HP: 17/17 MP: 6/6
    70 | D:1      | Reached XP level 2. HP: 16/23 MP: 7/7
   513 | D:1      | Reached XP level 3. HP: 27/28 MP: 9/9
   529 | D:1      | Reached skill level 5 in Spellcasting
  1103 | D:2      | Reached skill level 1 in Invocations
  1448 | D:2      | HP: 1/28 [worker ant (4)]
  1449 | D:2      | Succumbed to a worker ant's poison

Illustrated notes

Levels and vault maps discovered:
D:1:      dpeg_arrival_brainrot, layout_basic, chequers_serial_rivers_micro_a
D:2:      layout_basic, lemuel_coloured_pillars_altar

Skill      XL: |  1  2  3 |
---------------+----------+-----
Spellcasting   | 5 |  5.0
Invocations    | 1 |  1.0
Fighting       | |  2.6
Short Blades   | |  0.9
Long Blades    | |  0.9
Axes           | |  0.9
Maces & Flails | |  0.9
Polearms       | |  0.9
Staves         | |  0.9
Slings         | |  0.9
Bows           | |  0.9
Crossbows      | |  0.9
Throwing       | |  0.9
Armour         | |  0.9
Dodging        | |  4.5
Stealth        | |  0.9
Shields        | |  0.9
Unarmed Combat | |  6.5
Conjurations   | |  0.6
Hexes          | |  0.6
Summonings     | |  0.6
Necromancy     | |  0.6
Translocations | |  0.6
Transmutations | |  3.8
Fire Magic     | |  0.6
Ice Magic      | |  0.6
Air Magic      | |  0.6
Earth Magic    | |  0.6
Poison Magic   | |  0.6
Evocations     | |  0.9

Action                   || total
-------------------------++-------
Melee: Unarmed           ||    12
       Headbutt          ||    14
       Kick              ||    19
       Dagger            ||    27
       Whip              ||    60
       Bite              ||     9
       Punch             ||     2
 Cast: Beastly Appendage ||    18
  Use: Scroll            ||     4
 Stab: Sleeping          ||     1
Armor: Robe              ||    25
Dodge: Dodged            ||    99
